[Event "*** Titled Tuesday Blitz"]
[Site "Chess.com"]
[Date "2020.05.19"]
[Round "3"]
[White "OsorioFernando"]
[Black "SARGISMV"]
[Result "1-0"]
[WhiteElo "2260"]
[BlackElo "2438"]
[TimeControl "180+1"]
[EndTime "12:31:11 PDT"]
[Termination "OsorioFernando won on time"]

1. e4 Nc6 2. Nf3 d5 3. exd5 Qxd5 4. Nc3 Qd6 5. h3 a6 6. Bc4 Nf6 7. O-O Bf5 8. d3 e6 9. a3 Be7 10. Qe2 Nd4 11. Nxd4 Qxd4 12. Be3 Qh4 13. Qf3 O-O-O 14.
b4 g5 15. Qg3 Qh5 16. b5 Bd6 17. Qxg5 axb5 18. Nxb5 Rhg8 19. Nxd6+ Rxd6 20. Qxh5 Nxh5 21. Kh2 Nf6 22. a4 Nd5 23. a5 h5 24. a6 bxa6 25. Bxa6+ Kd7 26. Bb5+ Ke7 27. Bc5 Nf4 28. Bxd6+ Kxd6 29. Rg1 e5 30. Ra6+ Kc5 31. c4 Nxd3 32. Rc6+ Kd4 33. Rxc7 Be6 34. Rd1 e4 35. c5 Rg5 36.
Bxd3 exd3 37. c6 Rc5 38. Ra7 Rxc6 39. Ra3 Bf5 40. Kg3 Bg6 41. Kf3 Rf6+ 42. Kg3 Re6 43. Kf3 Rf6+ 44. Kg3 Rc6 45. Ra4+ Kd5 46. Rd2 Rc2 47. Ra2 Kc4 48. Kf3 Rc1 49. Ke3 Re1+ 50.
Kf3 h4 51. g4 Kc3 52. Rdb2 Rh1 53. Ke3 Rxh3+ 54. Kf4 Rh2 55. Rb1 d2 56. Rd1 Bc2 57. Ke3 Bxd1 58. Rxd2 Bxg4 59. Rd7 f5 60. Rc7+ Kb4 61.
f4 Rh3+ 62. Kd4 Rc3 63. Rb7+ Ka5 64. Kxc3 h3 65. Rh7 Kb5 66. Kd4 Kc6 67. Ke5 Kc5 68.
Rc7+ Kb6 69. Rc2 Kb5 70. Kd5 Kb4 71. Kd4 Kb3 72. Rh2 Kb4 73. Rf2 Kb3 74. Rh2 Kb4 75.
Rb2+ Ka3 76. Rh2 Kb3 77. Rf2 Kb4 78. Rb2+ Ka5 79. Kc5 Ka4 80. Kc4 Ka3 81. Rh2 Bf3 82. Rxh3 1-0

[Event "*** Titled Tuesday Blitz"]
[Site "Chess.com"]
[Date "2020.05.19"]
[Round "3"]
[White "Berant"]
[Black "garfield_pg"]
[Result "0-1"]
[WhiteElo "2305"]
[BlackElo "2155"]
[TimeControl "180+1"]
[EndTime "12:31:19 PDT"]
[Termination "garfield_pg won by checkmate"]

1. e4 c5 2. Nf3 Nc6 3. d4 cxd4 4. Nxd4 Nf6 5. Nc3 d6 6. Be2 e5 7. Nf3 Be7 8. O-O O-O 9. Bg5 Be6 10. Qd2 a5 11. Rad1 a4 12. a3 Qa5 13. Bxf6 Bxf6 14.
Nb5 Qb6 15. Qe3 Nd4 16. Kh1 Rac8 17. c3 Rc5 18. cxd4 Rxb5 19. dxe5 Qxe3 20. fxe3 Rxb2 21. exf6 Rxe2 22. fxg7 Kxg7 23. Rxd6 Rxe3 24. Ng5 Rxa3 25. Rb6 h6 26. Nxe6+ fxe6 27. Rxb7+ Kg8 28. Rxf8+ Kxf8 29. h3 Re3 30. Rb4 a3 31. Ra4 Kf7 32. Kg1 Kf6 33.
Kf2 Rb3 34. Ra5 h5 35. Ke2 h4 36. Kf2 Rg3 37. Ra6 Rb3 38. Ra5 Rb2+ 39. Kf3 Rb3+ 40.
Kf4 Rb2 41. e5+ Kg6 42. Kg4 Rb4+ 43. Kf3 Rb3+ 44. Kf4 Rb4+ 45. Ke3 Rb3+ 46. Kd4 Rg3 47. Kc5 Kf5 48. Kd6 Rd3+ 49. Ke7 Rg3 50. Ra4 Rg7+ 51.
Kf8 Rxg2 52. Rxa3 Kxe5 53. Ra4 Rg3 54. Rxh4 Kf5 55. Kf7 e5 56. Rh5+ Kf4 57. Ke6 e4 58. Rf5+ Ke3 59. h4 Kd4 60. Rd5+ Kc4 61. Re5 e3 62. h5 Kd4 63. Rd5+ Ke4 64. Re5+ Kf4 65. Rf5+ Ke4 66. h6 Rh3 67. Re5+ Kd4 68. Rd5+ Kc4 69. Re5 Rxh6+ 70. Kf5 Kd3 71. Kf4 Rh3 72. Rd5+ Ke2 73.
Rd8 Rh4+ 74. Kg3 Rh7 75. Kg2 Rg7+ 76. Kh2 Ke1 77. Rf8 e2 78. Rd8 Rg5 79. Kh3 Kf2 80. Rf8+ Ke3 81. Re8+ Kf3 82. Kh2 Rf5 83. Kg1 Rg5+ 84.
Kh2 Kf2 85. Rf8+ Ke3 86. Re8+ Kf3 87. Re7 Rg4 88. Kh3 Re4 89. Rf7+ Ke3 90. Rf1 exf1=Q+ 91. Kh2 Rh4+ 92. Kg3 Qh3# 0-1

[Event "*** Titled Tuesday Blitz"]
[Site "Chess.com"]
[Date "2020.05.19"]
[Round "3"]
[White "davidkalashian"]
[Black "SaraciNderim"]
[Result "1/2-1/2"]
[WhiteElo "2608"]
[BlackElo "2832"]
[TimeControl "180+1"]
[EndTime "12:31:21 PDT"]
[Termination "Game drawn - insufficient material"]

1. e4 e5 2. Nf3 Nc6 3. Bb5 Nf6 4. O-O Nxe4 5. Re1 Nd6 6. Nxe5 Be7 7. Bf1 O-O 8. d4 Nf5 9. d5 Nxe5 10. Rxe5 d6 11.
Re1 Bf6 12. c3 Bd7 13. Nd2 Re8 14. Ne4 Be5 15. Bg5 Bf6 16. Bxf6 gxf6 17. Qf3 Re5 18. g4 Nh4 19. Qxf6 Bxg4 20. Qxd8+ Rxd8 21. Nf6+ Kg7 22. Rxe5 Nf3+ 23. Kg2 Nxe5 24. Nxg4 Nxg4 25. Re1 Kf8 26. Bd3 Nf6 27. c4 Re8 28. Rxe8+ Kxe8 29. Kf3 h6 30. Kf4 Ke7 31. Kf5 a5 32. a3 Nd7 33. f4 Nc5 34. Bc2 Nd7 35. b4 axb4 36. axb4 Nf6 37. Bd3 Ne8 38. Kg4 Ng7 39. h3 Kf6 40. Bc2 Ke7 41. Kf3 Ne8 42. Ke4 Kf6 43. Kd4 Ng7 44. c5 Nf5+ 45. Ke4 Ne7 46. Ba4 b6 47. cxb6 cxb6 48. Bd7 Ng8 49. Kd4 Ke7 50.
Bg4 Nf6 51. Bf3 Kd8 52. Be2 Kc7 53. Bf3 Kd7 54. Kc4 Kc7 55. Kb5 Ng8 56. Bh5 f6 57. Kc4 Ne7 58. Kd4 Nf5+ 59. Kd3 Ne7 60. Ke4 f5+ 61. Kd4 b5 62. Be2 Kb6 63. Bd3 Ka6 64.
Bc2 Kb6 65. Bb3 h5 66. Ke3 h4 67. Kd4 Ka6 68. Bc2 Kb6 69. Bd3 Ka6 70. Bxf5 Nxf5+ 71. Ke4 Ng3+ 72. Kf3 Kb6 73. Kg4 Ne4 74. Kxh4 Nf6 75.
Kg5 Nxd5 76. h4 Ne7 77. h5 Ng8 78. f5 d5 79. f6 Nxf6 80. Kxf6 d4 81. h6 d3 82. h7 d2 83. h8=Q d1=Q 84. Qb8+ Kc6 85. Qc8+ Kb6 86. Qc5+ Ka6 87. Qc6+ Ka7 88. Qc7+ Ka6 89.
Qa5+ Kb7 90. Qxb5+ Kc7 91. Qc5+ Kd7 92. b5 Qd6+ 93. Qxd6+ Kxd6 94. b6 Kc6 95. b7 Kxb7 1/2-1/2

[Event "*** Titled Tuesday Blitz"]
[Site "Chess.com"]
[Date "2020.05.19"]
[Round "3"]
[White "lolo9292"]
[Black "Dynamikus"]
[Result "1/2-1/2"]
[WhiteElo "2508"]
[BlackElo "2738"]
[TimeControl "180+1"]
[EndTime "12:31:49 PDT"]
[Termination "Game drawn by repetition"]

1. d4 Nf6 2. c4 e6 3. Nc3 Bb4 4.
Nf3 O-O 5. Bd2 c5 6. e3 cxd4 7. exd4 d5 8. cxd5 Nxd5 9. Bd3 Nc6 10. O-O Nf6 11. Bg5 Be7 12. Re1 b6 13. Rc1 Bb7 14.
Bxf6 Bxf6 15. d5 exd5 16. Nxd5 Bxb2 17. Rxc6 Bxc6 18. Ne7+ Kh8 19. Nxc6 Qd6 20. Nce5 Rad8 21. Qb3 Bxe5 22. Nxe5 g6 23. Bc4 Kg7 24. Nxf7 Qf6 25.
f3 Rxf7 26. Bxf7 Qxf7 27. Qc3+ Kg8 28. h3 Qd7 29. Kh1 Rf8 30. Qb4 Rf7 31. Qe4 Qd6 32.
Qa8+ Kg7 33. Qe4 Qf6 34. a4 Qd6 35. Qc4 Rf4 36. Qc3+ Rf6 37. Qc2 Rf7 38. Rd1 Qf6 39.
Qc8 Re7 40. Qc2 Qe5 41. Qc4 Qe2 42. Qxe2 Rxe2 43. Rd7+ Kh6 44. Rxa7 Ra2 45. Ra6 Kg7 46. Kh2 h5 47. h4 Ra1 48. Kh3 Ra2 49. Kg3 Kf7 50.
Kf4 Rxg2 51. Rxb6 Ra2 52. Ra6 Rb2 53. Kg5 Rg2+ 54. Kf4 Rc2 55. a5 Rc5 56. Ra7+ Kf6 57. a6 Rc4+ 58. Kg3 Ra4 59. Ra8 Kg7 60. a7 Kh7 61.
Kf2 Kg7 62. Ke3 Ra3+ 63. Kf4 Ra4+ 64. Ke5 Ra5+ 65. Kd6 Ra1 66. Ke5 Ra5+ 67. Ke6 Ra1 68. f4 Re1+ 69. Kd5 Rd1+ 70. Ke4 Ra1 71. Kf3 Ra3+ 72.
Ke4 Ra1 73. Kd3 Rd1+ 74. Ke2 Ra1 75. f5 gxf5 76. Ke3 Ra4 77. Kf3 f4 78. Kf2 Kh7 79. Ke2 Kg7 80. Kd3 Kh7 81. Kc3 f3 82. Kd2 Ra3 83.
Ke1 Ra2 84. Kf1 Kg7 85. Kg1 Kh7 86. Kf1 Kg7 87. Rd8 Rxa7 88. Kf2 Rf7 89. Rd5 Kg6 90. Rg5+ Kh6 91. Rd5 Rf6 92. Rg5 Rf4 93. Ra5 Rxh4 94. Ra6+ Kg5 95. Kxf3 Rf4+ 96. Ke3 Rf5 97. Ra8 Kg4 98.
Rg8+ Kh3 99. Ke4 Rf7 100. Ke3 h4 101. Ke2 Kh2 102. Rg4 h3 103. Ke3 Rf6 104. Rg7 Kh1 105. Ke2 Rf5 106. Rg6 Rf7 107. Rg8 Rf6 108. Rg4 h2 109.
Rg3 Rf7 110. Ke1 Ra7 111. Kf2 Ra2+ 112. Kf1 Ra1+ 113. Kf2 Rg1 114. Rh3 Ra1 115. Rg3 Ra2+ 116. Kf1 Ra1+ 117. Kf2 1/2-1/2

[Event "*** Titled Tuesday Blitz"]
[Site "Chess.com"]
[Date "2020.05.19"]
[Round "3"]
[White "Glidzhian_Gor"]
[Black "Robert_Chessmood"]
[Result "1/2-1/2"]
[WhiteElo "2467"]
[BlackElo "2895"]
[TimeControl "180+1"]
[EndTime "12:33:05 PDT"]
[Termination "Game drawn - insufficient material"]

1. e4 c6 2. d4 d5 3. Nc3 dxe4 4. Nxe4 Nf6 5. Ng5 h6 6. N5f3 Bf5 7. Bc4 Nbd7 8. Ne2 e6 9. O-O Bd6 10. Ng3 Bh7 11. Re1 O-O 12. Ne5 Bxe5 13. dxe5 Nd5 14. Qg4 Kh8 15. Nh5 Rg8 16. Bb3 Qc7 17. Qg3 Bg6 18.
Nf4 Nxf4 19. Bxf4 Nc5 20. Rad1 Rad8 21. Qh4 Kh7 22. h3 Nxb3 23. cxb3 Rd5 24. Rxd5 cxd5 25.
Rc1 Qa5 26. a3 d4 27. Qg3 d3 28. Qe3 Rd8 29. Qd2 Qd5 30. b4 Rd7 31. Rc8 a6 32. h4 Qe4 33. Rc1 Rd4 34. Be3 Rc4 35.
Rxc4 Qxc4 36. Bf4 Qe4 37. f3 Qd4+ 38. Kh2 h5 39. Kg3 Qc4 40. Qc3 Qd5 41. Kf2 Qa2 42. Bd2 Qb1 43. Kg3 Qa2 44. Kh2 Qd5 45. Kg3 Qd7 46.
Kh2 Qe7 47. Kg3 Qd8 48. Bg5 Qb6 49. Bd2 Qb5 50. Bg5 Qd7 51. Bd2 Qd5 52. Bg5 b5 53. Bd2 Qd7 54. Bg5 Qb7 55. Bd2 Qd5 56.
Bg5 Bf5 57. Bd2 Qd7 58. Bg5 Qa7 59. Qc5 Qb8 60. Bd2 f6 61. Bf4 fxe5 62. Bxe5 Qe8 63. Qd4 Qg6+ 64. Kh2 Qf7 65. Bf4 Bg6 66. Bg5 Qc7+ 67.
Kg1 e5 68. Qc3 Qd6 69. Qd2 e4 70. fxe4 Bxe4 71. Be3 Qd5 72. Qf2 Bg6 73. Bd2 Qe4 74. Bc3 Qe7 75. Qd4 Qf7 76. Kh2 Bf5 77. Kg1 Qc7 78.
Kf2 Bg6 79. Kg1 Qb7 80. Kf2 Qf7+ 81. Kg1 Kg8 82. Kh2 Qe7 83. Kg1 Kh7 84. Kh2 Qc7+ 85. Kg1 Qb7 86. Kh2 Qf7 87. Kg1 Qc7 88. Kf2 Bf5 89. Kg1 Qf7 90. Kh2 Kg8 91. Kg1 Qd7 92. Qxd7 Bxd7 93. Kf2 Kf7 94. Ke3 Bf5 95. Bd4 g6 96.
Kd2 Ke6 97. Be3 Be4 98. g3 Kf5 99. Bf4 Kg4 100. Be5 g5 101. hxg5 Kxg5 102. Bf4+ Kg4 103. Be5 Bg6 104. Bd6 Kf3 105. Bc7 Ke4 106. Bb8 Kd5 107. Bc7 Kc4 108. Be5 Bf7 109. Bf6 Be6 110. Be5 Bg4 111. Bf6 Be2 112. Be5 Kd5 113. Bf6 Ke6 114. Bd4 Kf5 115. Bc5 Ke4 116. Bd6 Kf3 117. Be5 Kg2 118. Bd6 Bf1 119. Be5 Kf3 120. Bd6 Be2 121. Bc7 Ke4 122. Bb8 Kd5 123. Bc7 Kc4 124. Be5 Kb3 125. Bf6 Ka4 126. Be5 a5 127. bxa5 Kxa5 128. Kc3 Kb6 129. Kd2 Kc6 130. Bd4 Kd5 131. Ba7 Ke4 132. Bb8 Bg4 133. b3 Be6 134. a4 b4 135. a5 Bxb3 136. Bd6 Kf3 137. Kxd3 Bd5 138. Bxb4 Kxg3 139. Bd6+ Kg2 140. Kd4 Ba8 141. Kc5 h4 142. Kb6 h3 143. Kc7 Bf3 144. a6 h2 145. Bxh2 Kxh2 146. a7 Bg2 147. a8=Q Bxa8 1/2-1/2

[Event "*** Titled Tuesday Blitz"]
[Site "Chess.com"]
[Date "2020.05.19"]
[Round "4"]
[White "floplover"]
[Black "Airquake"]
[Result "1-0"]
[WhiteElo "2318"]
[BlackElo "2495"]
[TimeControl "180+1"]
[EndTime "12:34:59 PDT"]
[Termination "floplover won by resignation"]

1. d4 Nf6 2. c4 e6 3. Nc3 d5 4. Nf3 Nbd7 5. Bf4 c6 6. e3 Be7 7. c5 O-O 8. h3 Re8 9. Bd3 Nf8 10. O-O Ng6 11. b4 Nxf4 12. exf4 Qc7 13.
Ne5 Nd7 14. Bxh7+ Kxh7 15. Qh5+ Kg8 16. Qxf7+ Kh7 17. Qh5+ Kg8 18. Qxe8+ 1-0

[Event "*** Titled Tuesday Blitz"]
[Site "Chess.com"]
[Date "2020.05.19"]
[Round "4"]
[White "Matveev_Vladimir"]
[Black "Klaus1995"]
[Result "1-0"]
[WhiteElo "2494"]
[BlackElo "1804"]
[TimeControl "180+1"]
[EndTime "12:35:28 PDT"]
[Termination "Matveev_Vladimir won by resignation"]

1. d4 Nf6 2. c4 e6 3. Nf3 d5 4. g3 Be7 5. Bg2 c5 6. O-O cxd4 7.
Nxd4 dxc4 8. Nc3 a6 9. Qa4+ Nbd7 10. Qxc4 Kf8 11. Rd1 b5 12. Qb3 Nc5 13. Qc2 Bb7 14.
Nxe6+ 1-0

[Event "*** Titled Tuesday Blitz"]
[Site "Chess.com"]
[Date "2020.05.19"]
[Round "4"]
[White "Susal_De_Silva"]
[Black "AnonymousBread"]
[Result "1-0"]
[WhiteElo "2388"]
[BlackElo "2577"]
[TimeControl "180+1"]
[EndTime "12:35:43 PDT"]
[Termination "Susal_De_Silva won by resignation"]

1. e4 e5 2. Nf3 Nc6 3. Bc4 Bc5 4.
c3 Nf6 5. d3 d6 6. O-O h6 7. Nbd2 a6 8. Bb3 O-O 9. h3 Re8 10. Re1 Be6 11. Bc2 d5 12. Nf1 g6 13.
Bxh6 d4 14. Ng5 Bd7 15. Bb3 Re7 16. Qf3 Nh7 17. Nxf7 1-0

[Event "*** Titled Tuesday Blitz"]
[Site "Chess.com"]
[Date "2020.05.19"]
[Round "4"]
[White "InitiatingASC"]
[Black "Lali-Rustavi"]
[Result "1-0"]
[WhiteElo "2355"]
[BlackElo "1886"]
[TimeControl "180+1"]
[EndTime "12:35:50 PDT"]
[Termination "InitiatingASC won by resignation"]

1. Nf3 d5 2. b3 Nf6 3. Bb2 c6 4. e3 Bf5 5. c4 e6 6. cxd5 cxd5 7.
Be2 Bb4 8. O-O O-O 9. a3 Bd6 10. d3 Nc6 11. Nbd2 Rc8 12. Rc1 a6 13. b4 b5 14. Qb3 Qb6 15. Rc2 Rc7 16. Rfc1 Rfc8 17. Nf1 Ne5 18. Nxe5 Bxe5 19. Bxe5 Nd7 20. Bxc7 1-0

[Event "*** Titled Tuesday Blitz"]
[Site "Chess.com"]
[Date "2020.05.19"]
[Round "4"]
[White "PIwan"]
[Black "saisree"]
[Result "1-0"]
[WhiteElo "2509"]
[BlackElo "2347"]
[TimeControl "180+1"]
[EndTime "12:35:59 PDT"]
[Termination "PIwan won by resignation"]

1. c4 c6 2. e4 d5 3. exd5 cxd5 4. cxd5 Nf6 5. Nc3 Nxd5 6. Nf3 Nc6 7. d4 Bg4 8. Qb3 e6 9. Qxb7 Qc8 10. Ba6 Nb6 11. Qxc8+ Nxc8 12. Bb7 1-0

[Event "*** Titled Tuesday Blitz"]
[Site "Chess.com"]
[Date "2020.05.19"]
[Round "4"]
[White "Semen_Khanin"]
[Black "Tsyhanchuk_Stanislav"]
[Result "1-0"]
[WhiteElo "2657"]
[BlackElo "2480"]
[TimeControl "180+1"]
[EndTime "12:36:13 PDT"]
[Termination "Semen_Khanin won by checkmate"]

1. e4 c5 2. Nf3 Nc6 3. d4 cxd4 4. Nxd4 Qb6 5. Nb3 Nf6 6. Nc3 e6 7. a3 a6 8. Be3 Qc7 9. f4 d6 10. g4 Be7 11. g5 Nd7 12. h4 b5 13. Bg2 Bb7 14.
h5 O-O-O 15. Qe2 Nc5 16. O-O-O Nxb3+ 17. cxb3 b4 18. axb4 Nxb4 19. Kb1 Kb8 20. Qf2 Rc8 21.
Rc1 Qd7 22. Na4 Qb5 23. Ba7+ Ka8 24. Nb6+ Kxa7 25. Nxc8+ Kb8 26. Qa7# 1-0

[Event "*** Titled Tuesday Blitz"]
[Site "Chess.com"]
[Date "2020.05.19"]
[Round "4"]
[White "dianosky"]
[Black "Synctel"]
[Result "1-0"]
[WhiteElo "2358"]
[BlackElo "1922"]
[TimeControl "180+1"]
[EndTime "12:36:20 PDT"]
[Termination "dianosky won by resignation"]

1. d4 Nf6 2. c4 e6 3. a3 d5 4. Nc3 c6 5. c5 b6 6. b4 a5 7. Bf4 axb4 8. axb4 Rxa1 9. Qxa1 bxc5 10. bxc5 Nbd7 11. e3 Nh5 12. Bg3 Nxg3 13. hxg3 e5 14.
Nf3 e4 15. Nd2 Be7 16. Qa7 Qa5 17. Qxa5 1-0

[Event "*** Titled Tuesday Blitz"]
[Site "Chess.com"]
[Date "2020.05.19"]
[Round "4"]
[White "NefeLV"]
[Black "EugeneRougon"]
[Result "0-1"]
[WhiteElo "1829"]
[BlackElo "2753"]
[TimeControl "180+1"]
[EndTime "12:36:31 PDT"]
[Termination "EugeneRougon won by resignation"]

1. c4 e5 2. Nc3 Nf6 3. d3 Bb4 4. Bd2 O-O 5. Nf3 Re8 6. e4 c6 7. Be2 d5 8. cxd5 cxd5 9. exd5 Nxd5 10.
Ne4 Bxd2+ 11. Qxd2 Nc6 12. O-O Bf5 13. Rac1 Nf4 14.
Nc5 Qb6 15. Nh4 Nd4 16. Bd1 Qh6 17. Nf3 Nxf3+ 18. Bxf3 Nh3+ 0-1

[Event "*** Titled Tuesday Blitz"]
[Site "Chess.com"]
[Date "2020.05.19"]
[Round "4"]
[White "kleinebeer98"]
[Black "Mitronych"]
[Result "0-1"]
[WhiteElo "2661"]
[BlackElo "2446"]
[TimeControl "180+1"]
[EndTime "12:36:36 PDT"]
[Termination "Mitronych won by resignation"]

1. e4 c5 2. b4 b6 3. bxc5 bxc5 4. Nc3 Nc6 5. Nf3 e6 6. Bc4 Rb8 7. O-O Nge7 8. Re1 Ng6 9. d4 cxd4 10. Nxd4 Nce5 11.
Bf1 Bb4 12. Bd2 Bc5 13. Be3 Bb6 14. f4 Ba5 15. Bd2 Nc6 16. Nxc6 dxc6 17. Bd3 Qd4+ 18. Kh1 Bxc3 19. Be3 Qa4 20. Rb1 Rxb1 0-1

[Event "*** Titled Tuesday Blitz"]
[Site "Chess.com"]
[Date "2020.05.19"]
[Round "4"]
[White "vova-79"]
[Black "Bagirova"]
[Result "1-0"]
[WhiteElo "2424"]
[BlackElo "2183"]
[TimeControl "180+1"]
[EndTime "12:36:39 PDT"]
[Termination "vova-79 won by resignation"]

1. d4 Nf6 2. Nf3 g6 3. Bf4 Bg7 4. e3 O-O 5. Be2 d6 6. O-O Bg4 7. h3 Bxf3 8. Bxf3 c6 9. c4 Nbd7 10. Nc3 a6 11. Bg3 Rc8 12. Rc1 b5 13. b3 Nb6 14.
Qe2 d5 15. cxd5 Nfxd5 16. Ne4 h6 17. Nc5 f5 18. Ne6 Qe8 19. Nxf8 Qxf8 20. e4 fxe4 21.
Qxe4 Be5 22. Bxe5 1-0

[Event "*** Titled Tuesday Blitz"]
[Site "Chess.com"]
[Date "2020.05.19"]
[Round "4"]
[White "keepitcool9499"]
[Black "GodDMuhammad"]
[Result "1-0"]
[WhiteElo "2460"]
[BlackElo "2284"]
[TimeControl "180+1"]
[EndTime "12:36:51 PDT"]
[Termination "keepitcool9499 won by resignation"]

1. d4 Nf6 2. c4 e6 3. Nc3 d5 4.
Nf3 Be7 5. e3 O-O 6. Bd3 b6 7.
O-O Bb7 8. cxd5 Nxd5 9. e4 Nxc3 10. bxc3 Nd7 11. Be3 c5 12. Rc1 c4 13. Bb1 b5 14.
Nd2 Qc7 15. Qh5 g6 16. Qh3 Rfd8 17. f4 f5 18. g4 fxe4 19. Bxe4 Nf6 20. Qf3 Nxe4 21.
Nxe4 Qc6 22. Ng5 Qd6 23. Qxb7 1-0

[Event "*** Titled Tuesday Blitz"]
[Site "Chess.com"]
[Date "2020.05.19"]
[Round "4"]
[White "Keks2017"]
[Black "Bulldog167"]
[Result "0-1"]
[WhiteElo "2514"]
[BlackElo "2787"]
[TimeControl "180+1"]
[EndTime "12:36:55 PDT"]
[Termination "Bulldog167 won by resignation"]

1. g3 e5 2. Bg2 Nc6 3. d3 g6 4. c4 Bg7 5. Nc3 d6 6. Nf3 Nf6 7. O-O O-O 8. Rb1 a5 9. a3 h6 10. b4 axb4 11. axb4 Be6 12. b5 Ne7 13. Bb2 Qd7 14. Re1 Bh3 15. Bh1 Ng4 16. Ra1 Rab8 17. Qb3 b6 18. Nd5 Nxd5 19. cxd5 f5 20. Ra7 e4 21. Nd4 f4 22. Ne6 fxg3 23. hxg3 Rxf2 24.
Bxg7 Qf7 25. Raa1 Rg2+ 0-1

[Event "*** Titled Tuesday Blitz"]
[Site "Chess.com"]
[Date "2020.05.19"]
[Round "4"]
[White "AlexVanGog"]
[Black "jefferyx"]
[Result "1/2-1/2"]
[WhiteElo "2646"]
[BlackElo "2934"]
[TimeControl "180+1"]
[EndTime "12:36:57 PDT"]
[Termination "Game drawn by repetition"]

1. Nf3 c5 2. e3 Nf6 3. b3 g6 4.
Bb2 Bg7 5. c4 O-O 6. Be2 b6 7.
O-O Bb7 8. Nc3 d5 9. Nxd5 Nxd5 10. Bxg7 Nxe3 11. fxe3 Kxg7 12. d4 e6 13. Qc1 Nc6 14. Qb2 Kg8 15. Rad1 Qe7 16. Kh1 Rad8 17. Rd2 Rd6 18. Rfd1 Rfd8 19. dxc5 Rxd2 20. Rxd2 Rxd2 21. Qxd2 bxc5 22. Kg1 Qf6 23. Qd7 Na5 24. Qb5 Bxf3 25. Bxf3 Qa1+ 26. Kf2 Qxa2+ 27. Kg3 Nxb3 28. Qb8+ Kg7 29.
Qe5+ Kg8 30. Qb8+ Kg7 31. Qe5+ Kf8 32. Qd6+ Kg8 33. Qb8+ 1/2-1/2

[Event "*** Titled Tuesday Blitz"]
[Site "Chess.com"]
[Date "2020.05.19"]
[Round "4"]
[White "Vaathi_Coming"]
[Black "ENEASZ"]
[Result "1-0"]
[WhiteElo "2873"]
[BlackElo "2532"]
[TimeControl "180+1"]
[EndTime "12:37:07 PDT"]
[Termination "Vaathi_Coming won by resignation"]

1. e4 d6 2. d4 Nf6 3. Nc3 e5 4. Nf3 Nbd7 5. g3 Be7 6. Bg2 O-O 7. O-O c6 8. a4 b6 9. Re1 Re8 10. h3 Bf8 11. Be3 g6 12. Nd2 Bg7 13. Nc4 Qc7 14.
f4 Ba6 15. Bf1 Bb7 16. dxe5 dxe5 17. Nd6 Red8 18. Bc4 Nc5 19. Bxc5 bxc5 20. fxe5 Nd5 21. exd5 Rxd6 22. exd6 Qxd6 23. Ne4 Qe5 24. d6 1-0

[Event "*** Titled Tuesday Blitz"]
[Site "Chess.com"]
[Date "2020.05.19"]
[Round "4"]
[White "Unknown_IM"]
[Black "Playgood28"]
[Result "1/2-1/2"]
[WhiteElo "2539"]
[BlackElo "2290"]
[TimeControl "180+1"]
[EndTime "12:37:15 PDT"]
[Termination "Game drawn by agreement"]

1. e4 e5 2. Nf3 d6 3. d4 exd4 4. Nxd4 Nf6 5. Nc3 Be7 6. Bf4 O-O 7. Qd2 a6 8. O-O-O b5 9. f3 c5 10. Nf5 Bxf5 11. exf5 Nc6 12. Bxd6 Qa5 13. Bxe7 Nxe7 14.
Kb1 Rad8 15. Qe1 Rxd1+ 16. Qxd1 Rd8 17. Qc1 Nxf5 18. Ne4 Nxe4 19. fxe4 Nd4 20. c3 Nc6 21. Be2 Ne5 22. Rd1 f6 23. Rd5 Rxd5 24. exd5 c4 25. Qe3 Qc7 26. h3 Kf8 1/2-1/2

[Event "*** Titled Tuesday Blitz"]
[Site "Chess.com"]
[Date "2020.05.19"]
[Round "4"]
[White "PetrolulSah"]
[Black "hellokostya"]
[Result "0-1"]
[WhiteElo "2184"]
[BlackElo "2405"]
[TimeControl "180+1"]
[EndTime "12:37:17 PDT"]
[Termination "hellokostya won by checkmate"]

1. d4 Nf6 2. c4 g6 3. Nc3 Bg7 4. e4 d6 5. Be2 O-O 6. Be3 Na6 7.
g4 c5 8. d5 Qb6 9. Rb1 Nxg4 10.
Bxg4 Bxg4 11. Qxg4 Bxc3+ 12. bxc3 Qxb1+ 13. Ke2 Qxa2+ 14. Kf3 Qxc4 15. Bh6 f5 16. Qh4 Qxe4+ 17. Qxe4 fxe4+ 18. Ke3 Rf5 19. Bf4 Raf8 20. Bg3 Rxd5 21. Nh3 Rd3+ 22.
Kxe4 c4 23. Rb1 Nc5# 0-1

[Event "*** Titled Tuesday Blitz"]
[Site "Chess.com"]
[Date "2020.05.19"]
[Round "4"]
[White "damayito"]
[Black "froylanajedrez"]
[Result "0-1"]
[WhiteElo "1615"]
[BlackElo "2353"]
[TimeControl "180+1"]
[EndTime "12:37:20 PDT"]
[Termination "froylanajedrez won by resignation"]

1. e4 c5 2. Nc3 Nc6 3. g3 g6 4. Bg2 Bg7 5. Nge2 e6 6. O-O Nge7 7. d3 d5 8. exd5 exd5 9. Rb1 O-O 10. Bg5 h6 11. Bf4 g5 12. Bd2 Bg4 13. Qc1 d4 14. Nxd4 Nxd4 15. Ne4 Ne2+ 16. Kh1 Nxc1 17. Rbxc1 Rc8 18.
h3 Be6 19. f4 f5 20. Nc3 Nd5 21. fxg5 hxg5 22. Nxd5 Bxd5 23. Kh2 Bxg2 24. Kxg2 c4 25.
Rf3 Bxb2 26. Rb1 c3 27. Be3 Qd5 0-1

[Event "*** Titled Tuesday Blitz"]
[Site "Chess.com"]
[Date "2020.05.19"]
[Round "4"]
[White "MikeSailer"]
[Black "WeAintSurePal"]
[Result "0-1"]
[WhiteElo "2061"]
[BlackElo "2302"]
[TimeControl "180+1"]
[EndTime "12:37:25 PDT"]
[Termination "WeAintSurePal won by checkmate"]

1. d4 d5 2. Bf4 Nf6 3. e3 e6 4.
Nf3 c5 5. c3 Nc6 6. Nbd2 Bd6 7.
Bd3 O-O 8. O-O Qc7 9. dxc5 Bxf4 10. exf4 Qxf4 11. b4 a6 12. g3 Qh6 13. Nd4 e5 14.
Nxc6 bxc6 15. Re1 e4 16. Bf1 Ng4 17. h3 Ne5 18. h4 Qxd2 19. Qxd2 Nf3+ 20. Kg2 Nxd2 21.
Be2 Bf5 22. Rad1 Nf3 23. Bxf3 exf3+ 24. Kxf3 h5 25. Kf4 Bg6 26. Re7 Rfe8 27. Rc7 Re6 28. a4 Rae8 29. Ra7 Rf6+ 30. Kg5 Re5# 0-1

[Event "*** Titled Tuesday Blitz"]
[Site "Chess.com"]
[Date "2020.05.19"]
[Round "4"]
[White "shav3184"]
[Black "NIGWAPO"]
[Result "0-1"]
[WhiteElo "2351"]
[BlackElo "2569"]
[TimeControl "180+1"]
[EndTime "12:37:39 PDT"]
[Termination "NIGWAPO won on time"]

1. e4 g5 2. d4 d5 3. e5 f6 4. Qh5+ Kd7 5. Nf3 Kc6 6. Nc3 Nh6 7. a4 a6 8. h4 Bg4 9. hxg5 Bxh5 10.
Rxh5 fxg5 11. Bxg5 Nf5 12. Bd3 Ng7 13. Rh6+ Kd7 14.
O-O-O c6 15. Bh4 Qe8 16. Ng5 e6 17. Nxh7 Kc8 18. Nf6 Rxh6 0-1

[Event "*** Titled Tuesday Blitz"]
[Site "Chess.com"]
[Date "2020.05.19"]
[Round "4"]
[White "jeaston1"]
[Black "IMinTheWings"]
[Result "1-0"]
[WhiteElo "2419"]
[BlackElo "2218"]
[TimeControl "180+1"]
[EndTime "12:37:42 PDT"]
[Termination "jeaston1 won by resignation"]

1. d4 Nf6 2. c4 e6 3. Nc3 Bb4 4. Qc2 O-O 5. Nf3 d6 6. Bg5 Nbd7 7. e3 h6 8. Bh4 b6 9. Bd3 Bb7 10. O-O e5 11. Ne4 exd4 12. a3 dxe3 13. axb4 exf2+ 14. Rxf2 Bxe4 15. Bxe4 Rc8 16. Bc6 g5 17. Nxg5 hxg5 18.
Bxg5 Qe7 19. Bxd7 Qxd7 20. Bxf6 Rce8 21. Rf5 Qxf5 22. Qxf5 1-0

[Event "*** Titled Tuesday Blitz"]
[Site "Chess.com"]
[Date "2020.05.19"]
[Round "4"]
[White "Roman_Ovetchkin"]
[Black "VerdeNotte"]
[Result "0-1"]
[WhiteElo "2626"]
[BlackElo "2829"]
[TimeControl "180+1"]
[EndTime "12:37:44 PDT"]
[Termination "VerdeNotte won by resignation"]

1. d4 Nf6 2. c4 g6 3. Nc3 Bg7 4. e4 d6 5. Nf3 O-O 6. Be2 Nbd7 7.
Be3 Ng4 8. Bg5 h6 9. Bd2 e5 10. d5 f5 11. g3 Nc5 12. exf5 Bxf5 13. Nh4 Nxf2 14. Kxf2 Bc2+ 15. Kg2 Bxd1 16. Raxd1 g5 17.
Nf3 e4 18. Ne1 Bd4 19. Bg4 Rf2+ 20. Kh3 Qf6 21. Nc2 h5 22. Bxh5 Qf5+ 0-1

[Event "*** Titled Tuesday Blitz"]
[Site "Chess.com"]
[Date "2020.05.19"]
[Round "4"]
[White "WanderingPuppet"]
[Black "GameOverBro"]
[Result "1-0"]
[WhiteElo "2322"]
[BlackElo "2510"]
[TimeControl "180+1"]
[EndTime "12:37:44 PDT"]
[Termination "WanderingPuppet won by resignation"]

1. e4 d6 2. d4 Nf6 3. Nc3 e5 4. Nf3 Nbd7 5. g4 Nxg4 6. Rg1 Ngf6 7. Bg5 c6 8. Qe2 h6 9. Be3 b5 10. O-O-O Qa5 11. Nd2 exd4 12. Nb3 Qc7 13. Bxd4 Bb7 14. f4 O-O-O 15. e5 Ne8 16. Bxa7 b4 17. Na4 Qa5 18. Nxa5 1-0